 Dungeon Crawl Stone Soup version 0.30.0-30-g96aa6591b8 (webtiles) character file.

Game seed: 15997955274736825725

15146 cheesebisquit the Fighter (level 12, -1/118 HPs)
             Began as a Djinni Fire Elementalist on June 27, 2023.
             Was a High Priest of Jiyva.
             Slain by a manticore (6 damage)
             ... on level 12 of the Dungeon on June 28, 2023.
             The game lasted 00:50:28 (9885 turns).

cheesebisquit the Fighter (DjFE)                    Turns: 9885, Time: 00:50:29

Health: -1/118     AC: 13    Str: 10    XL:     12   Next: 54%
Gold:   780        EV: 12    Int: 23    God:    Jiyva [*****.] SH:  0 Dex: 16

rFire   + + .        f - +4 halberd (vamp)
rCold   x . .        (shield currently unavailable)
rNeg    . . .        c - +1 troll leather armour
rPois   ∞            (helmet unavailable)
rElec   .            (no cloak)
rCorr   +            (no gloves)
SInv    +            (boots unavailable)
Will    +....        (no amulet)
Stlth   +++          b - ring of wizardry
HPRegen 2.63/turn    (no ring)
MPRegen 0.00/turn

%: wizardry (x1), infuse magic (-2 HP)
@: ice-armoured, slimy, calling ooze, flying
A: sickness immunity, fire resistance 2, cold vulnerability 1, float, innate
caster, HP casting, extra vitality 1, antennae 3, thin skeletal structure 1,
clever 1, robust 2, strong 1, wild magic 1, eyeballs 2, engulf
a: Renounce Religion, Oozemancy, Slimify


You were on level 12 of the Dungeon.
You worshipped Jiyva.
Jiyva was extremely pleased with you.
You visited 2 branches of the dungeon, and saw 13 of its levels.
You also visited: Ossuary.

You collected 780 gold pieces.

Inventory:

Hand Weapons
 f - a +4 vampiric halberd (weapon)
Missiles
 s - 4 throwing nets
Armour
 c - a +1 troll leather armour (worn)
 p - a +0 helmet
Jewellery
 b - a ring of wizardry (left hand)
Wands
 o - a wand of polymorph (13)
Scrolls
 d - 5 scrolls of immolation
 e - 3 scrolls of vulnerability
 g - a scroll of teleportation
 h - 2 scrolls of poison
 n - a scroll of brand weapon
 r - a scroll of fear {unknown}
 v - a scroll of torment {unknown}
Potions
 a - a potion of invisibility
 i - 2 potions of flight
 k - 4 potions of curing
 l - 3 potions of might
 m - a potion of mutation
 t - a potion of lignification
 u - a potion of magic


   Skills:
 + Level 13.7 Fighting
 + Level 2.6 Dodging
 - Level 1.5 Stealth
 + Level 11.0 Spellcasting


You knew the following spells:

 Your Spells              Type           Power      Damage    Failure   Level
a - Foxfire               Conj/Fire      100%       2x1d9     1%          1
b - Scorch                Fire           100%       2d9       1%          2
c - Volatile Blastmotes   Fire/Tloc      100%       2d18      1%          3
d - Inner Flame           Hex/Fire       70%        N/A       1%          3
e - Flame Wave            Conj/Fire      70%        2d16      1%          4
f - Beastly Appendage     Tmut           100%       N/A       1%          1
g - Ensorcelled Hibernat  Hex/Ice        100%       N/A       1%          2
h - Tukima's Dance        Hex            70%        N/A       1%          3
i - Ozocubu's Armour      Ice            70%        N/A       1%          3
j - Leda's Liquefaction   Hex/Erth       35%        N/A       1%          4
Your spell library was empty.

Dungeon Overview and Level Annotations

Branches:
Dungeon (12/15)            Temple (1/1) D:7            Lair (0/5) D:8
    Orc (0/2) D:9         Ossuary (visited)

Altars:
Ashenzari
Cheibriados
Dithmenos
Elyvilon
Fedhas
Gozag
Hepliaklqana
Makhleb
Nemelex Xobeh
Okawaru
Qazlal
Ru
Trog
Uskayaw
Wu Jian
Xom
Yredelemnul
Zin
The Shining One
Jiyva

Shops:
D:7 :   D:9 *

Annotations:
D:5 Duvessa


Innate Abilities, Weirdness & Mutations

You are immune to sickness and miasma.
You are immune to poison.
Your flesh is very heat resistant. (rF++)
You are vulnerable to cold. (rC-)
You float through the air rather than walking.
You learn spells naturally, not from books.
Your magical power is your life essence.
You have superior vitality. (+4 MHP)
You have a pair of large antennae on your head. (SInv)
You have a somewhat thin skeletal structure. (Dex +2, Stealth+)
Your mind is acute. (Int +4, Str/Dex -1)
You are very robust. (+20% HP)
Your muscles are strong. (Str +4, Int/Dex -1)
Your spells are a little harder to cast, but a little more powerful.
Your body has grown many eyes which may confuse attackers. (Acc +5)
Your melee attacks may engulf your foes in ooze.


Message History

The meliai hits the slime creature with a +0 hand axe!
The meliai stings you but does no damage.
The meliai barely misses the slime creature.
The meliai stings the slime creature!
The manticore flicks its tail.
The volley of spikes hits the slime creature!!
The slime creature dies!
The meliai returns to its original shape as it dies.
The wall burns the meliai!
The meliai closely misses you.
The meliai stings you but does no damage.
The meliai calls upon its god to heal the meliai.
The meliai's wounds heal themselves!
You feel better.
The wall burns the meliai!
The meliai hits you with a +0 hand axe!
* * * LOW HITPOINT WARNING * * *
The meliai stings you but does no damage.
The wall burns the meliai!
The meliai hits you but does no damage. The meliai stings you!
* * * LOW HITPOINT WARNING * * *
The eyeballs on your body gaze at the meliai.
The meliai hits itself with a +0 hand axe!
The meliai stings itself but does no damage.
The walls burn the meliai!
The meliai barely misses you. The meliai stings you.
* * * LOW HITPOINT WARNING * * *
You feel better.
The walls burn the meliai!
The meliai hits you with a +0 war axe.
* * * LOW HITPOINT WARNING * * *
The meliai barely misses you.
The walls burn the meliai!
The meliai misses you. The meliai closely misses you.
The wall burns the meliai!
You kill the meliai!
A thick mucus forms on your +4 vampiric halberd.
The walls burn the meliai!
The meliai hits you with a +0 war axe!
* * * LOW HITPOINT WARNING * * *
The meliai barely misses you.
The wall burns the manticore!
The manticore bites you.
* * * LOW HITPOINT WARNING * * *
The manticore claws you.
* * * LOW HITPOINT WARNING * * *
The manticore claws you.
You die...

#..#..#..#..#.####.###
............(........#
.#.(........##.......#
.#)#.....#...........#
.#.#######.###.......#
.#.. .. #...#.### .###
.# #.#.#.# ## #>
...#.#.. # #####@###.
# ......)yH.#.#
###.......# .
#..<.O..# #.......#
.....#.### ..?.....#
........#


You could see a two-headed ogre, a manticore and a meliai.

Vanquished Creatures
  A centaur warrior (D:9)
  3 two-headed ogres
  Sonja (D:10)
  An ugly thing (D:11)
  2 cyclopes
  A gargoyle (D:10)
  2 kobold demonologists (D:12)
  A tengu conjurer (D:8)
  A komodo dragon (D:11)
  3 trolls
  A meliai (D:12)
  A hornet (D:9)
  9 yaks (D:11)
  2 wyverns
  A vampire (D:9)
  Grum (D:10)
  6 vampire mosquitoes
  An acid dragon (D:9)
  3 ice beasts
  6 orc warriors
  A sky beast (D:8)
  2 wolves (D:10)
  2 centaurs
  An ogre (D:4)
  2 phantoms (D:7)
  2 bullfrogs
  6 kobold brigands
  An elf zombie (Ossuary)
  2 gnoll sergeants
  3 scorpions
  A wight (D:8)
  Dowan (D:5)
  8 killer bees
  A howler monkey (D:5)
  A jelly (D:8)
  2 crimson imps (D:8)
  2 human zombies (Ossuary)
  3 orc priests
  2 gnoll boudas (D:7)
  An iguana (D:3)
  8 orc wizards
  4 sleepcaps
  2 mummies (Ossuary)
  7 adders
  14 gnolls
  2 shadow imps
  4 white imps
  3 worms
  2 dart slugs
  21 orcs
  A ball python (D:1)
  2 endoplasms
  3 giant cockroaches
  2 gnoll zombies (Ossuary)
  7 goblins
  7 hobgoblins
  3 jackals (D:1)
  17 kobolds
  3 quokkas
  4 bats
  3 frilled lizards
  3 goblin zombies (Ossuary)
  4 hobgoblin zombies
  4 orc zombies
  2 rats (D:1)
223 creatures vanquished.

Vanquished Creatures (collateral kills)
  3 two-headed ogres
  2 cyclopes
  An orc warrior (D:11)
  A centaur (D:12)
  A gnoll sergeant (D:8)
  A crimson imp (D:8)
  An orc priest (D:8)
  4 gnolls
  A kobold (D:12)
15 creatures vanquished.

Vanquished Creatures (others)
  A boulder beetle (D:11)
  6 dancing weapons
  A slime creature (D:12)
  A yak (D:11)
  A wyvern (D:7)
  Menkaure (D:7)
  A water moccasin (D:9)
  A wolf (D:10)
  A centaur (D:7)
  A kobold brigand (D:6)
  A scorpion (D:6)
  A killer bee (D:8)
  3 howler monkeys (D:7)
  A crimson imp (D:8)
  46 jellies
  A hound (D:7)
  2 orc priests
  2 iguanas
  An orc wizard (D:6)
  A mummy (D:7)
  5 gnolls
  2 adders
  A white imp (D:5)
  18 orcs
  A ball python (D:3)
  A bat (D:3)
  3 jackals (D:5)
  7 kobolds
  A rat (D:3)
  A butterfly (D:12)
  860 foxfires
974 creatures vanquished.

Grand Total: 1212 creatures vanquished

Notes
Turn   | Place    | Note
-------+----------+-------------------------------------------
     0 | D:1      | cheesebisquit the Djinni Fire Elementalist began the quest
                  | for the Orb.
     0 | D:1      | cheesebisquit set off with the following spells memorised:
                  | Foxfire, Scorch, Volatile Blastmotes, Inner Flame, Flame
                  | Wave.
     0 | D:1      | Reached XP level 1. HP: 15/15 MP: 0/0
    81 | D:1      | Reached XP level 2. HP: 21/22 MP: 0/0
   101 | D:1      | Reached skill level 1 in Fighting
   249 | D:1      | Reached XP level 3. HP: 26/27 MP: 0/0
   249 | D:1      | Learned a level 1 spell: Beastly Appendage
   951 | D:2      | Reached skill level 2 in Fighting
  1056 | D:2      | Reached XP level 4. HP: 30/33 MP: 0/0
  1779 | D:3      | Found a faded altar of an unknown god.
  1786 | D:3      | Reached XP level 5. HP: 38/40 MP: 0/0
  1786 | D:3      | Learned a level 2 spell: Ensorcelled Hibernation
  1790 | D:3      | Prayed at the altar of an unknown god.
  1790 | D:3      | Became a worshipper of Jiyva Jipoghuq the Shapeless
  1790 | D:3      | Reached * piety under Jiyva
  2050 | D:3      | Found a white marble altar of Elyvilon.
  2146 | D:3      | Reached ** piety under Jiyva
  2149 | D:3      | Found a hazy altar of Hepliaklqana.
  2211 | D:4      | Noticed an ogre
  2238 | D:4      | Reached skill level 3 in Fighting
  2283 | D:4      | Found an opulent altar of Gozag.
  2368 | D:4      | Killed an ogre
  2369 | D:4      | Reached XP level 6. HP: 46/47 MP: 0/0
  2743 | D:4      | Reached skill level 4 in Fighting
  2764 | D:4      | Reached *** piety under Jiyva
  3109 | D:4      | Reached XP level 7. HP: 48/53 MP: 0/0
  3109 | D:4      | Learned a level 3 spell: Tukima's Dance
  3342 | D:5      | Entered Level 5 of the Dungeon
  3346 | D:5      | Gained mutation: Your spells are a little harder to cast,
                  | but a little more powerful. [Jiyva's grace]
  3346 | D:5      | Gained mutation: Your spells are harder to cast, but more
                  | powerful. [Jiyva's grace]
  3346 | D:5      | Gained mutation: Your spells are much harder to cast, but
                  | much more powerful. [Jiyva's grace]
  3346 | D:5      | Gained mutation: Your muscles are strong. (Str +4, Int/Dex
                  | -1) [Jiyva's grace]
  3659 | D:5      | Reached **** piety under Jiyva
  3744 | D:5      | Noticed Duvessa
  3744 | D:5      | Noticed Dowan
  3915 | D:5      | Reached skill level 5 in Fighting
  4180 | D:5      | Reached skill level 5 in Spellcasting
  4670 | D:5      | Killed Dowan
  4671 | D:5      | Reached XP level 8. HP: 59/60 MP: 0/0
  4893 | D:6      | Reached skill level 6 in Fighting
  5135 | D:6      | Reached ***** piety under Jiyva
  5356 | D:7      | Found Rytaoteg's Book Shoppe.
  5357 | D:7      | Gained mutation: You are robust. (+10% HP) [Jiyva's grace]
  5357 | D:7      | Gained mutation: You are very robust. (+20% HP) [Jiyva's
                  | grace]
  5357 | D:7      | Gained mutation: You are extremely robust. (+30% HP)
                  | [Jiyva's grace]
  5357 | D:7      | Gained mutation: You have a somewhat thin skeletal
                  | structure. (Dex +2, Stealth+) [Jiyva's grace]
  5466 | D:7      | Found a staircase to the Ecumenical Temple.
  5472 | Temple   | Entered the Ecumenical Temple
  5689 | D:7      | Reached skill level 7 in Fighting
  5759 | D:7      | Killed Menkaure
  5771 | D:7      | Found a stormy altar of Qazlal.
  5819 | D:7      | Found a sand-covered staircase.
  5824 | Ossuary  | Entered an ossuary
  5837 | Ossuary  | Reached XP level 9. HP: 88/88 MP: 0/0
  5837 | Ossuary  | Learned a level 3 spell: Ozocubu's Armour
  6453 | D:8      | Reached skill level 8 in Fighting
  6479 | D:8      | Found a staircase to the Lair.
  6483 | D:8      | Noticed a tengu conjurer
  6489 | D:8      | Killed a tengu conjurer
  6501 | D:8      | Noticed a cyclops
  6506 | D:8      | Noticed a two-headed ogre
  6508 | D:8      | Killed a cyclops
  6544 | D:8      | Killed a two-headed ogre
  6545 | D:8      | Reached skill level 9 in Fighting
  6545 | D:8      | Reached XP level 10. HP: 101/101 MP: 0/0
  6609 | D:8      | Noticed a two-headed ogre
  6621 | D:8      | Killed a two-headed ogre
  6798 | D:8      | Reached skill level 10 in Fighting
  6890 | D:8      | Found a shimmering altar of Xom.
  6976 | D:8      | Was placed under penance by Jiyva
  7537 | D:9      | Was forgiven by Jiyva
  7547 | D:9      | Found a staircase to the Orcish Mines.
  7555 | D:9      | Noticed a centaur warrior
  7671 | D:9      | Found Nasul's Gadget Gallery.
  7717 | D:9      | Lost mutation: You are extremely robust. (+30% HP) [Jiyva's
                  | grace]
  7717 | D:9      | Lost mutation: Your spells are much harder to cast, but
                  | much more powerful. [Jiyva's grace]
  7717 | D:9      | Gained mutation: Your mind is acute. (Int +4, Str/Dex -1)
                  | [Jiyva's grace]
  7717 | D:9      | Gained mutation: Your mind is very acute. (Int +8, Str/Dex
                  | -2) [Jiyva's grace]
  7717 | D:9      | Gained mutation: Your body has grown eyes which may confuse
                  | attackers. (Acc +3) [Jiyva's grace]
  7717 | D:9      | Gained mutation: Your body has grown many eyes which may
                  | confuse attackers. (Acc +5) [Jiyva's grace]
  7847 | D:9      | Killed a centaur warrior
  7848 | D:9      | Reached skill level 11 in Fighting
  7852 | D:9      | Reached XP level 11. HP: 96/104 MP: 0/0
  7852 | D:9      | Learned a level 4 spell: Leda's Liquefaction
  7863 | D:9      | Found a glowing golden altar of the Shining One.
  8023 | D:9      | Noticed a two-headed ogre
  8035 | D:9      | Killed a two-headed ogre
  8210 | D:10     | Entered Level 10 of the Dungeon
  8330 | D:10     | Noticed Sonja
  8335 | D:10     | Noticed Grum
  8338 | D:10     | Killed Sonja
  8343 | D:10     | Killed Grum
  8391 | D:10     | Reached skill level 12 in Fighting
  8533 | D:10     | Reached ****** piety under Jiyva
  8706 | D:10     | Noticed a two-headed ogre
  8843 | D:10     | Killed a two-headed ogre
  9163 | D:11     | Noticed a two-headed ogre
  9171 | D:11     | Killed a two-headed ogre
  9172 | D:11     | Reached skill level 10 in Spellcasting
  9216 | D:11     | Noticed a two-headed ogre
  9221 | D:11     | Noticed a purple ugly thing
  9225 | D:11     | Killed a two-headed ogre
  9237 | D:11     | Killed a purple ugly thing
  9278 | D:11     | Reached XP level 12. HP: 115/115 MP: 0/0
  9302 | D:11     | Reached skill level 13 in Fighting
  9380 | D:11     | Noticed a boulder beetle
  9404 | D:11     | Killed a boulder beetle
  9584 | D:11     | Lost mutation: Your mind is very acute. (Int +8, Str/Dex
                  | -2) [Jiyva's grace]
  9584 | D:11     | Lost mutation: Your spells are harder to cast, but more
                  | powerful. [Jiyva's grace]
  9584 | D:11     | Gained mutation: Your melee attacks may engulf your foes in
                  | ooze. [Jiyva's grace]
  9584 | D:11     | Gained mutation: You have a pair of small antennae on your
                  | head. [Jiyva's grace]
  9584 | D:11     | Gained mutation: You have a pair of antennae on your head.
                  | [Jiyva's grace]
  9584 | D:11     | Gained mutation: You have a pair of large antennae on your
                  | head. (SInv) [Jiyva's grace]
  9880 | D:12     | Noticed a two-headed ogre
  9885 | D:12     | HP: 5/118 [manticore (2)]
  9885 | D:12     | Slain by a manticore

Illustrated notes

Levels and vault maps discovered:
D:1:      heliophobic_arrival_ceremonial_halls, layout_loops_ring
D:2:      layout_basic
D:3:      layout_basic, mainiacjoe_overflow_swirl,
          chequers_ecumenical_altar_simple
D:4:      layout_layer_cave, nicolae_overflow_crystal_walls
D:5:      layout_loops_corners, nicolae_fountain_basement, uniq_duvessa
D:6:      layout_loops_ring, serial_aquarium, aquarium_bridge_square
          [aquarium_subvault_wall, aquarium_subvault_bridge,
          aquarium_subvault_wall, aquarium_subvault_window], aquarium_window_2,
          aquarium_window_1, aquarium_window_fake, aquarium_view_2e
D:7:      layout_loops_ring, mainiacjoe_overflow_boulevard,
          minmay_temple_entry_proselytizer, nicolae_ossuary_entry_giza,
          hangedman_decor_slide_cut, nicolae_take_the_stairs, kennysheep_dice,
          uniq_menkaure
D:8:      minmay_ornate_pinched, layout_cave_pools, led_xom_imps
D:9:      layout_roguey, kennysheep_mini, david_orc_2, nicolae_shop_gadgets
D:10:     layout_loops_ring, minmay_misc_feat_enclosed,
          kennysheep_generic_room_12, uniq_grum, uniq_sonja
D:11:     layout_cave_pools
D:12:     layout_basic, minmay_misc_feat_diagonals,
          nicolae_elyvilon_peaceful_grove
Temple:   eino_temple_rhombus

Skill      XL: |  1  2  3  4  5  6  7  8  9 10 11 12 |
---------------+-------------------------------------+-----
Fighting       | 1 2 3 4 5 7 9 11 12 13 | 13.7
Spellcasting   | 3 4 5 6 7 8 10 11 | 11.0
Dodging        | |  2.6
Stealth        | |  1.5

Action                     |  1- 3 |  4- 6 |  7- 9 | 10-12 || total
---------------------------+-------+-------+-------+-------++-------
  Melee: Unarmed           |     8 |       |       |       ||     8
         Halberd           |       |       |     7 |    16 ||    23
   Cast: Foxfire           |    53 |    63 |   126 |   246 ||   488
         Scorch            |     5 |    19 |    60 |   199 ||   283
         Ensorcelled Hiber |       |     4 |     4 |     2 ||    10
         Tukima's Dance    |       |       |    14 |    40 ||    54
         Ozocubu's Armour  |       |       |     3 |     6 ||     9
         Inner Flame       |       |       |       |     8 ||     8
         Flame Wave        |       |       |       |     1 ||     1
         Leda's Liquefacti |       |       |       |     6 ||     6
 Invoke: Oozemancy         |       |     1 |       |     1 ||     2
         Slimify           |       |       |     1 |     2 ||     3
    Use: Scroll            |       |     5 |     8 |     5 ||    18
         Potion            |       |       |     1 |     3 ||     4
   Stab: Sleeping          |       |       |     1 |       ||     1
 Armour: Robe              |     2 |     1 |    11 |    55 ||    69
         Troll leather arm |       |       |       |    44 ||    44
  Dodge: Dodged            |     4 |     4 |    34 |   185 ||   227
